 Dungeon Crawl Stone Soup version 0.20-a0-710-g71b569a (webtiles) character file.

59 polly the Ducker (level 3, 0/27 HPs)
             Began as a Demonspawn Gladiator on Feb 22, 2017.
             Slain by Crazy Yiuf
             ... wielding a +2 quarterstaff of chaos
              (5 damage)
             ... on level 2 of the Dungeon.
             The game lasted 00:02:44 (2026 turns).

polly the Ducker (Demonspawn Gladiator)             Turns: 2026, Time: 00:02:45

Health: 0/27       AC:  5    Str: 15    XL:     3   Next: 78%
Magic:  3/3        EV: 13    Int:  9    God:
Gold:   100        SH:  0    Dex: 14    Spells: 2/2 levels left

rFire    . . .     SeeInvis .   a - +0 long sword
rCold    . . .     Gourm    .   b - +0 leather armour
rNeg     . . .     Faith    .   (no shield)
rPois    .         Spirit   .   c - +0 helmet
rElec    .         Reflect  .   n - +0 cloak
rCorr    .         Harm     .   (no gloves)
MR       .....                  (no boots)
Stlth    +.........             (no amulet)
Regen    0.1/turn               (no ring)
MPRegen  0.1/turn               (no ring)

@: lethally poisoned (0 -> -18)
A: sturdy frame 1
a: no special abilities


You were on level 2 of the Dungeon.
You were not hungry.

You visited 1 branch of the dungeon, and saw 4 of its levels.

You collected 100 gold pieces.

Inventory:

Hand Weapons
 a - a +0 long sword (weapon)
Missiles
 d - 3 throwing nets (quivered)
Armour
 b - a +0 leather armour (worn)
 c - a +0 helmet (worn)
 n - a +0 cloak (worn)
Jewellery
 r - an uncursed amulet of rage {unknown}
Scrolls
 e - 2 scrolls of teleportation {unknown}
 i - a scroll of immolation {unknown}
 j - a scroll of enchant armour {unknown}
 l - 2 scrolls of enchant weapon {unknown}
 o - a scroll of magic mapping {unknown}
 p - a scroll of blinking {unknown}
 q - a scroll of fear {unknown}
 s - a scroll of fog {unknown}
Potions
 h - 2 potions of curing {unknown}
 k - a potion of lignification {unknown}
Comestibles
 f - 2 bread rations
 g - 2 royal jellies
 m - a meat ration


   Skills:
 + Level 2.2 Fighting
 + Level 3.2 Long Blades
 + Level 1.9 Throwing
 + Level 0.8 Armour
 + Level 3.3 Dodging
 + Level 0.6 Stealth


You had 2 spell levels left.
You didn't know any spells.

Dungeon Overview and Level Annotations

Branches:
Dungeon (4/15)
 Temple: D:4-7

Altars:

Annotations:
D:2 Crazy Yiuf


Innate Abilities, Weirdness & Mutations

Your movements are slightly less encumbered by armour. (ER -2)


Message History

This raw flesh tastes terrible.
Partly explored, obstructed by runed door.
Partly explored, obstructed by runed door.
You open the door.
Crazy Yiuf the Enlightened comes into view.
He is wielding a quarterstaff of chaos.
Crazy Yiuf shouts!
Found a mace.
There is an open door here.
You barely miss Crazy Yiuf. Crazy Yiuf hits you but does no damage.
You hit Crazy Yiuf.
Crazy Yiuf is moderately wounded.
Crazy Yiuf hits you with a quarterstaff of chaos!
You are lethally poisoned!
You barely miss Crazy Yiuf.
Crazy Yiuf is moderately wounded.
You feel sick.
Crazy Yiuf hits you with a quarterstaff of chaos!
* * * LOW HITPOINT WARNING * * *
Crazy Yiuf freezes you.
You die...

...................(...'.........
###.......#####.#...####.........
##.#.#### #.##.## ##.......#
###.# ###### ##.....## #.#
##...## #.####### ##'##
######.+)..#.### #### #.#
.........)..#..##...# #.####
#####......####.@g..# ##.....
##.+..## ###..)# ##...### ######
#### #.....#. ##)..##.
######(.##. #..........
#######.### #.### #....


You could see Crazy Yiuf.

Vanquished Creatures
  3 adders (D:2)
  2 dart slugs
  A leopard gecko (D:1)
  4 giant cockroaches
  A goblin (D:2)
  5 hobgoblins
  4 bats
  3 frilled lizards
  2 kobolds (D:1)
  3 rats (D:2)
28 creatures vanquished.

Notes
Turn   | Place    | Note
-------+----------+-------------------------------------------
     0 | D:1      | polly the Demonspawn Gladiator began the quest for the Orb.
     0 | D:1      | Reached XP level 1. HP: 16/16 MP: 1/1
   303 | D:1      | Gained mutation: Your movements are slightly less encumbered by armour. (ER -2) [demonic ancestry]
   303 | D:1      | Reached XP level 2. HP: 22/22 MP: 2/2
   981 | D:2      | Reached XP level 3. HP: 23/27 MP: 3/3
  1244 | D:2      | Found a runed door.
  1931 | D:2      | You fall through a shaft for 2 floors!
  2022 | D:2      | Noticed Crazy Yiuf
  2026 | D:2      | Slain by Crazy Yiuf

Vault maps used:
D:1:      lightli_arrival_flooded_house
D:2:      kennysheep_generic_room_3, uniq_crazy_yiuf_cottage
D:3:      first_bread
D:4:      gup_sewer_entry_spiral

Skill      XL: |  1  2 |
---------------+-------+-----
Dodging        | 3 |  3.3
Long Blades    | 3 |  3.2
Fighting       | |  2.2
Throwing       | |  1.9
Armour         | |  0.8
Stealth        | |  0.6

Action                   || total
-------------------------++-------
Melee: Long sword        ||    80
 Stab: Sleeping          ||     5
  Eat: Chunk             ||     4
Armor: Leather armour    ||    20
Dodge: Dodged            ||    62
       Rpst.: Long sword ||    18
